 Dungeon Crawl Stone Soup version 0.18-a0-1300-g6e8322c (webtiles) character file.

6874 st0uf the Nimble (level 10, 0/83 HPs)
             Began as a Black Draconian Transmuter on Feb 10, 2016.
             Was a Priest of Okawaru (penitent).
             Slain by a wyvern (10 damage)
             ... on level 11 of the Dungeon on Feb 11, 2016.
             The game lasted 01:25:13 (11950 turns).

st0uf the Nimble (Black Draconian Transmuter)      Turns: 11950, Time: 01:25:15

Health: 0/83       AC: 10    Str: 12    XL:     10   Next: 78%
Magic:  17/21      EV: 19    Int: 17    God:    Okawaru [*]
Gold:   420        SH:  0    Dex: 12    Spells: 4 memorised, 18 levels left

rFire  . . .     SeeInvis .       - Unarmed
rCold  . . .     Gourm    .     (armour unavailable)
rNeg   . . .     Faith    +     (no shield)
rPois  .         Spirit   .     I - +1 hat
rElec  +         Dismiss  .     U - +0 cloak
rCorr  .         Reflect  .     g - +0 pair of gloves
SustAt +         Harm     .     (no boots)
MR     .....                    V - amulet of faith
Stlth  ++........               p - ring of sustain attributes
                                Z - +4 ring of evasion

@: appendage, very slightly contaminated, drained, not resistant to hostile
enchantments, unstealthy
A: breathe lightning, unfitting armour, horns 2, electricity resistance,
cold-blooded, AC +7
a: Breathe Lightning, End Transformation, Renounce Religion


You were on level 11 of the Dungeon.
You worshipped Okawaru.
Okawaru was demanding penance.
You were not hungry.
You had grown temporary horns.
You visited 1 branch of the dungeon, and saw 11 of its levels.

You collected 662 gold pieces.
You spent 242 gold pieces at shops.

Inventory:

Missiles
 a - 38 arrows
 d - 7 needles of paralysis
 e - 294 stones (quivered)
 q - 16 poisoned needles
 x - 2 throwing nets
Armour
 g - a +0 pair of gloves (worn)
 I - a +1 hat (worn)
 U - a +0 cloak (worn)
Jewellery
 p - a ring of sustain attributes (right hand)
 v - an uncursed amulet of rage
 y - an uncursed ring of magical power
 A - an uncursed ring of fire
 B - an uncursed ring of see invisible
 J - a +2 amulet of reflection
 V - an amulet of faith (around neck)
 Z - a +4 ring of evasion (left hand)
Wands
 n - a wand of teleportation (1/9)
 w - a wand of digging (19/24)
 E - a wand of heal wounds (4/9)
 G - a wand of hasting (3/9)
 Q - a wand of lightning (0/15)
 T - a wand of iceblast (4/15)
Scrolls
 i - 8 scrolls of remove curse
 m - a scroll of amnesia
 r - a scroll of teleportation
 t - a scroll of enchant weapon
 C - 2 scrolls of recharging
 L - 3 scrolls of immolation {unknown}
 M - a scroll of random uselessness {unknown}
 N - a scroll of fear {unknown}
 W - 4 scrolls of magic mapping {unknown}
Potions
 j - 5 potions of agility
 o - 2 potions of mutation {unknown}
 s - a potion of flight {unknown}
 D - 2 potions of haste
 F - a potion of magic {unknown}
 H - a potion of might
 K - a potion of invisibility
 O - a potion of berserk rage
 P - a potion of cure mutation
 Y - a potion of lignification
Books
 b - a book of Changes

   Spells                             Type                      Level
   a - Beastly Appendage              Transmutation                1
   b - Sticks to Snakes               Transmutation                2
   c - Spider Form                    Transmutation/Poison         3
   d - Ice Form                       Ice/Transmutation            4
   e - Blade Hands                    Transmutation                5
 u - a book of Spatial Translocations

   Spells                             Type                      Level
   a - Apportation                    Translocation                1
   b - Blink                          Translocation                2
   c - Shroud of Golubria             Charms/Translocation         2
   d - Portal Projectile              Translocation                3
   e - Teleport Other                 Translocation                3
   f - Passage of Golubria            Translocation                4
 R - a book of Beasts

   Spells                             Type                      Level
   a - Summon Butterflies             Summoning                    1
   b - Call Canine Familiar           Summoning                    3
   c - Summon Ice Beast               Ice/Summoning                4
   d - Summon Mana Viper              Hexes/Summoning              5
   e - Summon Hydra                   Summoning                    7
 X - a book of Debilitation

   Spells                             Type                      Level
   a - Corona                         Hexes                        1
   b - Slow                           Hexes                        2
   c - Gell's Gravitas                Hexes/Translocation          3
   d - Inner Flame                    Hexes/Fire                   3
   e - Cause Fear                     Hexes                        4
   f - Leda's Liquefaction            Hexes/Earth                  4
Comestibles
 c - 12 bread rations
 h - 8 fruits
 z - 3 meat rations


   Skills:
 + Level 6.0(5.0) Fighting
 + Level 8.4(7.3) Dodging
 + Level 3.8(2.8) Stealth
 + Level 6.7(5.6) Unarmed Combat
 + Level 7.7(6.5) Spellcasting
 + Level 2.6(1.7) Translocations
 + Level 6.4(5.3) Transmutations
 + Level 0.7(0.0) Invocations
 + Level 0.2(0.0) Evocations


You had 18 spell levels left.
You knew the following spells:

 Your Spells              Type           Power        Failure   Level  Hunger
a - Beastly Appendage     Trmt           ###...       1%          1    None
b - Sticks to Snakes      Trmt           ###.....     1%          2    None
c - Apportation           Tloc           ##........   10%         1    None
d - Shroud of Golubria    Chrm/Tloc      #.........   17%         2    None


Dungeon Overview and Level Annotations

Branches:
Dungeon (11/15)               Orc (0/2) D:9
 Temple: D:4-7         Lair: D:8-11

Altars:
Dithmenos
Elyvilon
Gozag
Makhleb
Okawaru
Qazlal
Ru
Sif Muna
Xom
Yredelemnul
Zin
The Shining One

Shops:
D:6 =

Portals:
Trove: D:11 (give 6 potions of haste)

Annotations:
D:9 exclusion: ice statue
D:11 exclusion: 3 oklob plants


Innate Abilities, Weirdness & Mutations

You can breathe wild blasts of lightning.
Your glossy black scales are hard (AC +7).
Your body does not fit into most forms of armour.
You are resistant to electric shocks.
You are cold-blooded and may be slowed by cold attacks.
You have a pair of horns on your head.


Message History

You hit the wyvern.
You headbutt the wyvern, but do no damage.
The wyvern is heavily wounded.
Your adder closely misses the wyvern.
Your ball python barely misses the wyvern.
The wyvern closely misses you.
You barely miss the wyvern. You headbutt the wyvern.
You tail-slap the wyvern, but do no damage.
The wyvern is heavily wounded.
Your adder bites the wyvern but does no damage.
The wyvern closely misses you.
Your ball python closely misses the wyvern.
Your adder bites the wyvern but does no damage.
You hit the wyvern.
The wyvern is severely wounded.
The wyvern bites you.
* * * LOW HITPOINT WARNING * * *
Your ball python barely misses the wyvern.
Your adder closely misses the wyvern.
The wyvern bites you!
You die...

#... #..[#....# #. ...#
......#..## #. ... ###....# #.
#+###.. #./....# #. .......
#......# #. .......### #......#
#. .......+.###......# ##.
.l.Y...#...'..lS..# ##..
.......#####..@S..# #..# #######
####'### #.## #..## #.# ##..# #.#
##.# #.# #.# ##.##
######.#########....
##############.........#.........
#........................####....


You could see a wyvern, a friendly adder and a friendly ball python.

Vanquished Creatures
  A hill giant (D:11)
  A gargoyle (D:8)
  A troll (D:10)
  2 two-headed ogres
  Grinder (D:6)
  A spriggan (D:7)
  3 yaks (D:10)
  A hungry ghost (D:9)
  An orc warrior (D:11)
  A sky beast (D:7)
  3 phantoms
  5 ogres
  A centaur (D:8)
  3 big kobolds
  5 giant frogs
  A scorpion (D:6)
  6 killer bees
  10 wights
  6 crimson imps
  4 hounds
  5 orc priests
  2 jellies
  A quasit (D:10)
  A centaur skeleton (D:8)
  A giant frog skeleton (D:4)
  13 orc wizards
  3 worker ants
  A killer bee zombie (D:9)
  A hound zombie (D:8)
  A hound skeleton (D:4)
  A worker ant zombie (D:6)
  10 adders
  An adder skeleton (D:5)
  A worm (D:2)
  8 giant geckos
  26 orcs
  5 bats
  3 giant cockroaches
  4 goblins
  3 hobgoblins
  15 jackals
  7 quokkas
  3 ball pythons (D:2)
  6 giant newts
  17 kobolds
  A quokka zombie (D:5)
  3 rats
200 creatures vanquished.

Vanquished Creatures (collateral kills)
  Gastronok (D:10)
  2 ice beasts (D:9)
  A necrophage (D:11)
  An ogre (D:10)
  A giant frog (D:8)
  2 wights (D:8)
  2 crimson imps
  2 quasits (D:9)
  A hound (D:6)
  An orc priest (D:6)
  An orc wizard (D:5)
  An iguana (D:8)
  An adder (D:8)
  An orc (D:11)
  2 jackals (D:6)
  A kobold (D:9)
  A quokka skeleton (D:5)
22 creatures vanquished.

Vanquished Creatures (others)
  A crimson imp (D:6)
  An orc (D:6)
2 creatures vanquished.

Grand Total: 224 creatures vanquished

Notes
Turn   | Place    | Note
--------------------------------------------------------------
     0 | D:1      | st0uf the Draconian Transmuter began the quest for the Orb.
     0 | D:1      | Reached XP level 1. HP: 16/16 MP: 3/3
   151 | D:1      | Reached XP level 2. HP: 18/23 MP: 3/5
   170 | D:1      | Learned a level 2 spell: Sticks to Snakes
   697 | D:2      | Reached XP level 3. HP: 28/28 MP: 4/6
   789 | D:2      | Found a stormy altar of Qazlal.
  2030 | D:4      | Found a basalt altar of Yredelemnul.
  2040 | D:4      | Reached XP level 4. HP: 36/36 MP: 5/7
  2262 | D:4      | Found a white marble altar of Elyvilon.
  2405 | D:4      | Reached XP level 5. HP: 27/41 MP: 7/9
  2424 | D:4      | Reached skill level 4 in Unarmed Combat
  2660 | D:4      | Found a glowing golden altar of the Shining One.
  2692 | D:4      | Reached XP level 6. HP: 25/50 MP: 4/10
  3312 | D:5      | Entered Level 5 of the Dungeon
  3367 | D:5      | Found a deep blue altar of Sif Muna.
  3633 | D:5      | Reached skill level 1 in Stealth
  3646 | D:5      | Reached XP level 7. HP: 22/56 MP: 2/12
  3646 | D:5      | Your scales start taking on a glossy black colour.
  3646 | D:5      | Gained mutation: You are resistant to electric shocks. [Black Draconian growth]
  4656 | D:6      | Found Deheh's Jewellery Boutique.
  4713 | D:6      | Bought a cursed +2 amulet of reflection for 242 gold pieces
  5052 | D:6      | Reached skill level 5 in Unarmed Combat
  5052 | D:6      | Reached XP level 8. HP: 29/63 MP: 11/14
  5181 | D:6      | Noticed Grinder
  5439 | D:6      | Paralysed by Grinder for 3 turns
  5449 | D:6      | Killed Grinder
  5841 | D:6      | Reached skill level 5 in Spellcasting
  5932 | D:6      | Reached skill level 5 in Dodging
  5938 | D:6      | Found a shimmering altar of Xom.
  5938 | D:6      | Found a burning altar of Makhleb.
  6141 | D:7      | Found an opulent altar of Gozag.
  6145 | D:7      | Found a glowing silver altar of Zin.
  6324 | D:7      | You fall through a shaft for 2 floors!
  6613 | D:8      | Found a sacrificial altar of Ru.
  6625 | D:8      | Became a worshipper of Ru the Awakened
  6666 | D:8      | Found a shadowy altar of Dithmenos.
  6793 | D:7      | Reached skill level 5 in Transmutations
  6891 | D:7      | Reached XP level 9. HP: 52/72 MP: 17/17
  8074 | D:8      | Noticed a gargoyle
  8098 | D:8      | Killed a gargoyle
  8098 | D:8      | Reached skill level 5 in Fighting
  8098 | D:8      | Reached skill level 6 in Dodging
  8416 | D:9      | Noticed an ice statue
  8661 | D:9      | Found a staircase to the Orcish Mines.
  8838 | D:9      | Learned a level 1 spell: Apportation
  8841 | D:9      | Learned a level 2 spell: Shroud of Golubria
  9232 | D:9      | Found a white marble altar of Elyvilon.
  9543 | D:9      | Reached skill level 7 in Dodging
  9707 | D:9      | Found an iron altar of Okawaru.
  9720 | D:9      | Fell from the grace of Ru
  9720 | D:9      | Became a worshipper of Warmaster Okawaru
  9963 | D:9      | Reached XP level 10. HP: 78/82 MP: 19/19
 10059 | D:10     | Entered Level 10 of the Dungeon
 10282 | D:10     | Noticed Gastronok
 10326 | D:10     | Killed Gastronok
 10326 | D:10     | Reached * piety under Okawaru
 10326 | D:10     | Reached skill level 1 in Translocations
 10454 | D:10     | Reached ** piety under Okawaru
 11172 | D:10     | Reached skill level 8 in Dodging
 11455 | D:10     | Upgraded the game from 0.18-a0-1293-g5a2c81a to 0.18-a0-1300-g6e8322c
 11537 | D:11     | Found a portal to a secret trove of treasure.
 11570 | D:11     | Noticed an oklob plant
 11692 | D:11     | Noticed an oklob plant
 11692 | D:11     | Noticed an oklob plant
 11873 | D:11     | Noticed a hill giant
 11882 | D:11     | Noticed a gargoyle
 11882 | D:11     | Killed a hill giant
 11882 | D:11     | Reached *** piety under Okawaru
 11901 | D:11     | HP: 2/83 [gargoyle/stone arrow (23)]
 11916 | D:11     | Was placed under penance by Okawaru
 11950 | D:11     | Slain by a wyvern

Vault maps used:
D:1:      dpeg_arrival_lava_altar
D:2:      lemuel_coloured_pillars_altar, grunt_decor_mini_mirrors
D:3:      first_bread
D:4:      kennysheep_ying_yang, nicolae_overflow_crystal_walls
D:5:      nicolae_overflow_hidden_temple, minmay_temple_entry_purple_smoke
D:6:      grunt_temple_overflow_champion_of_chaos, serial_glass,
          glass_columns_a, glass_columns_a, serial_shops, shop, uniq_grinder
D:7:      grunt_temple_overflow_gold_and_silver, the_bakery
D:8:      mumra_celtic_spiral_tile, grunt_dithmenos_smoke_and_mirrors,
          nicolae_ru_the_path_less_chosen
D:9:      lemuel_ice_statue, lemuel_round_altar, orc_0_dummy,
          minmay_misc_feat_ornament, elyvilon_altar_1
D:10:     st_stairs_11, uniq_gastronok
D:11:     dpeg_oklobed_lair, nicolae_trove_entry_free_sample, uniq_erolcha,
          uniq_fannar, uniq_harold

Action                   |  1- 3 |  4- 6 |  7- 9 | 10-12 || total
-------------------------+-------+-------+-------+-------++-------
Melee: Unarmed           |   152 |   181 |   638 |   178 ||  1149
 Cast: Beastly Appendage |    29 |    16 |    43 |    10 ||    98
       Sticks to Snakes  |       |    14 |    59 |    20 ||    93
       Apportation       |       |       |       |    30 ||    30
       Shroud of Golubri |       |       |       |     1 ||     1
Invok: Reject Sacrifices |       |       |     1 |       ||     1
       Heroism           |       |       |       |     3 ||     3
 Abil: Breathe Lightning |       |       |    17 |     5 ||    22
Evoke: Wand              |       |       |       |    11 ||    11
  Use: Scroll            |     1 |       |     7 |    11 ||    19
       Potion            |       |     1 |       |     6 ||     7
 Stab: Distracted        |       |     1 |     9 |     4 ||    14
       Sleeping          |       |     1 |     3 |       ||     4
       Invisible         |       |       |     1 |       ||     1
  Eat: Chunk             |     3 |     6 |    22 |     9 ||    40
       Fruit             |       |     2 |     2 |       ||     4
       Royal jelly       |       |       |     1 |       ||     1
